 Dungeon Crawl Stone Soup version 0.19-a0-1879-gd95bc26 (webtiles) character file.

1257 Dekamerus the Covert (level 8, -2/39 HPs)
             Began as a Spriggan Assassin on Oct 14, 2016.
             Was an Initiate of Okawaru.
             Slain by a wyvern skeleton (9 damage)
             ... on level 6 of the Dungeon.
             The game lasted 00:12:03 (8089 turns).

Dekamerus the Covert (Spriggan Assassin)            Turns: 8089, Time: 00:12:04

Health: -2/39      AC:  4    Str:  7      XL:     8   Next: 26%
Magic:  9/9        EV: 18    Int: 13      God:    Okawaru [......]
Gold:   290        SH:  0    Dex: 16 (19) Spells: 0 memorised, 7 levels left

rFire  . . .     SeeInvis +     a - +2 dagger
rCold  . . .     Gourm    .     c - +0 robe
rNeg   . . .     Faith    +     (shield restricted)
rPois  +         Spirit   .     (helmet restricted)
rElec  .         Dismiss  .     t - +1 cloak
rCorr  .         Reflect  .     (gloves unavailable)
MR     +....     Harm     .     (boots unavailable)
Stlth  ++........               v - amulet of faith
                                d - +2 ring of slaying
                                r - ring of poison resistance

@: confused, very quick
A: unfitting armour, see invisible, herbivore 3, speed 3, slow metabolism 2
a: Renounce Religion


You were on level 6 of the Dungeon.
You worshipped Okawaru.
Okawaru was noncommittal.
You were not hungry.

You visited 2 branches of the dungeon, and saw 7 of its levels.

You collected 290 gold pieces.

Inventory:

Hand Weapons
 a - a +2 dagger (weapon)
 b - a +0 blowgun
 w - a +1 dagger of speed
 x - a +2 dagger of holy wrath
Missiles
 e - 26 poisoned needles
 f - 2 curare-tipped needles
Armour
 c - a +0 robe (worn)
 t - a +1 cloak (worn)
Jewellery
 d - a +2 ring of slaying (right hand)
 r - a ring of poison resistance (left hand)
 v - an amulet of faith (around neck)
 y - an uncursed ring of flight
Wands
 i - a wand of flame (13/48)
 o - a wand of slowing (16/48)
 z - a wand of confusion (8/48)
Scrolls
 h - 4 scrolls of remove curse
 j - 2 scrolls of amnesia
 p - a scroll of recharging
 q - 2 scrolls of immolation
 u - a scroll of teleportation
Potions
 l - a potion of flight
 m - a potion of haste
 n - a potion of might
Books
 k - a book of Callings

   Spells                             Type                      Level
   a - Summon Small Mammal            Summoning                    1
   b - Call Imp                       Summoning                    2
   c - Call Canine Familiar           Summoning                    3
   d - Summon Guardian Golem          Hexes/Summoning              3
   e - Summon Lightning Spire         Summoning/Air                4
   f - Summon Ice Beast               Ice/Summoning                4
Comestibles
 g - 2 bread rations


   Skills:
 + Level 2.2 Fighting
 + Level 3.2 Short Blades
 + Level 2.8 Throwing
 + Level 3.3 Dodging
 + Level 14.3 Stealth


You had 7 spell levels left.
You didn't know any spells.

Dungeon Overview and Level Annotations

Branches:
Dungeon (6/15)             Temple (1/1) D:6

Altars:
Ashenzari
Cheibriados
Elyvilon
Fedhas
Gozag
Hepliaklqana
Kikubaaqudgha
Makhleb
Nemelex Xobeh
Okawaru
Ru
Sif Muna
Trog
Vehumet
Xom
Zin

Shops:
D:5 (


Innate Abilities, Weirdness & Mutations

You are very small and have problems with some larger weapons.
You are too small for most types of armour.
You have supernaturally acute eyesight. (SInv)
You are a herbivore.
You cover ground extremely quickly.
You need consume almost no food.


Message History

You feel invigorated. The wyvern skeleton misses you.
The wyvern skeleton bites you!
* * * LOW HITPOINT WARNING * * *
The wyvern skeleton bites you!
* * * LOW HITPOINT WARNING * * *
The wyvern skeleton bites you.
* * * LOW HITPOINT WARNING * * *
You hit the wyvern skeleton.
The wyvern skeleton is severely damaged.
The wyvern skeleton bites you.
* * * LOW HITPOINT WARNING * * *
You bump into the rock wall.
The wyvern skeleton completely misses you.
You barely miss the wyvern skeleton.
The wyvern skeleton is severely damaged.
The wyvern skeleton closely misses you. The wyvern skeleton bites you!
* * * LOW HITPOINT WARNING * * *
The wyvern skeleton bites you!
You die...

##.# #.# #.# #.##.#
##.# #.# #.# #.##.#
##.# #.# #.# #.##.#
##.####.###.# #.##.#
##........#.###.# .#
#######.#....##.##.#
# #.#..#.......# #
#.##...#.Z...#
#######.###.##..@..#
........# #?.......#
######### ####.....#
#.....# #....###
#.##.# ######## #.
#.# #....... #. #.#
.#.###### #. #.#


You could see a wyvern skeleton.

Vanquished Creatures
  Purgy (D:3)
  2 ice beasts
  An ogre (D:6)
  A phantom (D:5)
  2 centaurs
  A howler monkey (D:6)
  A crimson imp (D:6)
  A bullfrog zombie (D:6)
  2 hounds (D:4)
  2 jellies
  A quasit (D:6)
  Crazy Yiuf (D:2)
  An orc wizard (D:5)
  An iguana (D:6)
  3 worker ants (D:6)
  8 adders
  5 gnolls (D:4)
  2 shadow imps (D:6)
  3 oozes
  4 worms
  A dart slug (D:1)
  A leopard gecko (D:2)
  4 orcs
  8 giant cockroaches
  5 goblins
  4 hobgoblins
  4 jackals
  2 kobolds (D:2)
  4 quokkas
  2 ball pythons
  11 bats
  8 frilled lizards
  2 leopard gecko skeletons
  9 rats
108 creatures vanquished.

Notes
Turn   | Place    | Note
-------+----------+-------------------------------------------
     0 | D:1      | Dekamerus the Spriggan Assassin began the quest for the Orb.
     0 | D:1      | Reached XP level 1. HP: 10/10 MP: 2/2
    53 | D:1      | Reached skill level 6 in Stealth
   192 | D:1      | Reached XP level 2. HP: 14/14 MP: 3/3
   323 | D:1      | Reached skill level 7 in Stealth
   912 | D:1      | Reached XP level 3. HP: 17/18 MP: 4/4
  1366 | D:2      | Reached skill level 8 in Stealth
  1824 | D:2      | Reached XP level 4. HP: 22/22 MP: 5/5
  1836 | D:2      | Found a runed door.
  2330 | D:2      | Noticed Crazy Yiuf
  2335 | D:2      | Killed Crazy Yiuf
  2335 | D:2      | Reached skill level 9 in Stealth
  2866 | D:3      | Noticed Purgy
  2899 | D:3      | Killed Purgy
  2899 | D:3      | Reached skill level 10 in Stealth
  2899 | D:3      | Reached XP level 5. HP: 8/25 MP: 6/6
  3814 | D:4      | Reached skill level 11 in Stealth
  3814 | D:4      | Reached XP level 6. HP: 30/30 MP: 7/7
  4423 | D:4      | Noticed an ice beast
  4516 | D:4      | HP: 1/30 [ice beast (7)]
  5354 | D:5      | Entered Level 5 of the Dungeon
  5418 | D:5      | Reached skill level 12 in Stealth
  5525 | D:5      | Noticed an ice beast
  5530 | D:5      | Killed an ice beast
  5530 | D:5      | Reached XP level 7. HP: 33/33 MP: 8/8
  5696 | D:5      | Reached skill level 13 in Stealth
  6164 | D:5      | Found Arry's Antique Weapon Shop.
  6850 | D:6      | Reached skill level 14 in Stealth
  7132 | D:6      | Found a staircase to the Ecumenical Temple.
  7146 | Temple   | Entered the Ecumenical Temple
  7158 | Temple   | Became a worshipper of Warmaster Okawaru
  7186 | D:6      | Reached XP level 8. HP: 39/39 MP: 9/9
  8082 | D:6      | HP: 1/39 [wyvern skeleton (6)]
  8089 | D:6      | Slain by a wyvern skeleton

Vault maps used:
D:1:      wheals_arrival_shading
D:2:      first_bread, grunt_ministairs_11, minmay_tetromino_i4,
          uniq_crazy_yiuf_cottage
D:3:      uniq_purgy
D:4:      cheibrodos_gnoll_hut
D:5:      serial_shops, shop
Temple:   dpeg_three_leaves_temple

Skill      XL: |  1  2  3  4  5  6  7  8 |
---------------+-------------------------+-----
Stealth        | 6 7 8 10 11 12 14 | 14.3
Dodging        | 2 3 |  3.3
Fighting       | 2 |  2.2
Short Blades   | 3 |  3.2
Throwing       | |  2.8

Action                   |  1- 3 |  4- 6 |  7- 9 || total
-------------------------+-------+-------+-------++-------
Melee: Dagger            |   110 |   208 |   174 ||   492
 Fire: Blowgun           |       |     8 |       ||     8
Evoke: Wand              |       |       |     6 ||     6
  Use: Scroll            |       |    17 |     3 ||    20
       Potion            |       |     9 |     1 ||    10
 Stab: Sleeping          |    18 |    19 |    16 ||    53
       Distracted        |       |     1 |       ||     1
  Eat: Pizza             |       |     2 |       ||     2
       Bread ration      |       |       |     1 ||     1
Armor: Robe              |    16 |    17 |    32 ||    65
       Skin              |       |    26 |       ||    26
Dodge: Dodged            |    71 |    95 |   153 ||   319
